 Dungeon Crawl Stone Soup version 0.19.5 (webtiles) character file.

690 Ponchio the Infuser (level 7, -7/36 HPs)
             Began as a Deep Elf Conjurer on Mar 11, 2017.
             Was a Follower of Vehumet.
             Killed from afar by sheala's ghost (23 damage)
             ... with a stone arrow
             ... on level 5 of the Dungeon.
             The game lasted 00:25:11 (8338 turns).

Ponchio the Infuser (Deep Elf Conjurer)             Turns: 8338, Time: 00:25:12

Health: -7/36      AC:  8    Str:  5    XL:     7   Next: 36%
Magic:  19/19      EV: 13    Int: 22    God:    Vehumet [*.....]
Gold:   246        SH:  0    Dex: 15    Spells: 3 memorised, 11 levels left

rFire  . . .     SeeInvis .     f - +1 dagger
rCold  . . .     Gourm    .     a - +0 robe
rNeg   . . .     Faith    .     (no shield)
rPois  .         Spirit   .     m - +1 helmet
rElec  .         Reflect  .     n - +2 cloak {+Inv}
rCorr  .         Harm     .     d - +0 pair of gloves
MR     .....                    (no boots)
Stlth  ++........               (no amulet)
                                (no ring)
                                (no ring)

@: lethally poisoned (-7 -> -11)
A: no striking features
a: Renounce Religion, Evoke Invisibility


You were on level 5 of the Dungeon.
You worshipped Vehumet.
Vehumet was aware of your devotion.
You were very hungry.

You visited 1 branch of the dungeon, and saw 5 of its levels.

You collected 246 gold pieces.

Inventory:

Hand Weapons
 f - a +1 dagger (weapon)
Armour
 a - a +0 robe (worn)
 d - a +0 pair of gloves (worn)
 g - a cursed +0 chain mail
 m - a +1 helmet (worn)
 n - a +2 cloak of invisibility (worn)
Scrolls
 j - 3 scrolls of teleportation
 k - a scroll of amnesia {unknown}
 l - a scroll of noise
 q - a scroll of immolation
Potions
 e - 2 potions of curing
 h - a potion of mutation {unknown}
 i - a potion of heal wounds
 p - a potion of magic {unknown}
 r - 2 potions of brilliance
 s - a potion of degeneration {unknown}
Books
 b - a book of Conjurations

   Spells                             Type                      Level
   a - Magic Dart                     Conjuration                  1
   b - Searing Ray                    Conjuration                  2
   c - Dazzling Spray                 Conjuration/Hexes            3
   d - Fulminant Prism                Conjuration/Hexes            4
   e - Iskenderun's Mystic Blast      Conjuration                  4
   f - Iskenderun's Battlesphere      Conjuration/Charms           5
Comestibles
 c - 4 bread rations
 o - 5 fruits


   Skills:
 - Level 2.4 Dodging
 - Level 2.4 Stealth
 * Level 7.1 Spellcasting
 - Level 4.3 Conjurations
 + Level 9.0 Charms


You had 11 spell levels left.
You knew the following spells:

 Your Spells              Type           Power        Failure   Level  Hunger
a - Magic Dart            Conj           ####         1%          1    None
b - Dazzling Spray        Conj/Hex       ###...       12%         3    None
c - Iskenderun's Battles  Conj/Chrm      #####...     17%         5    #####..


Dungeon Overview and Level Annotations

Branches:
Dungeon (5/15)             Temple (0/1) D:4

Altars:
Elyvilon
Gozag
Makhleb
Okawaru
Ru
Trog
Vehumet
Yredelemnul
Zin

Annotations:
D:5 sheala's ghost, novice DEEE


Message History

Sheala's ghost turns its malevolent gaze towards you.
You hear an angry hiss.
Sheala's ghost casts a spell at you. The flame tongue hits you!
Ouch! That really hurt!
* * * LOW HITPOINT WARNING * * *
The bullfrog zombie hits you.
* * * LOW HITPOINT WARNING * * *
You feel much better.
The bullfrog zombie hits you but does no damage.
Sheala's ghost gestures at you while chanting.
The rocky blast misses you.
Sheala's ghost hits you but does no damage.
You are poisoned.
There is a stone staircase leading up here.
You feel sick. The bullfrog zombie closely misses you.
Sheala's ghost gestures at you while chanting.
The stone arrow hits you!
Ouch! That really hurt!
You die...

#########
##############........
......................
.#####.###........!..
##(## ##..........
###.#######.........
#.WZ# #.......####.#
#.#@###.......#
#.##.##.......# #
##.#.......####[
##.............#
##.......######
#.......# ##.#.####
#.#.# #.#.#


You could see sheala's ghost and a bullfrog zombie.

Vanquished Creatures
  2 ogres
  A howler monkey (D:4)
  3 hounds (D:4)
  An orc priest (D:4)
  Ijyb (D:2)
  3 worker ants (D:4)
  Robin (D:2)
  4 gnolls (D:3)
  11 adders
  2 oozes
  An adder skeleton (D:4)
  A worm (D:3)
  3 dart slugs
  5 leopard geckos
  2 orcs (D:4)
  3 ball pythons
  5 giant cockroaches
  18 goblins
  7 hobgoblins
  2 jackals (D:1)
  8 kobolds
  A quokka (D:4)
  7 bats
  7 frilled lizards
  A leopard gecko skeleton (D:4)
  A leopard gecko zombie (D:5)
  9 rats
110 creatures vanquished.

Notes
Turn   | Place    | Note
-------+----------+-------------------------------------------
     0 | D:1      | Ponchio the Deep Elf Conjurer began the quest for the Orb.
     0 | D:1      | Reached XP level 1. HP: 10/10 MP: 6/6
   437 | D:1      | Reached XP level 2. HP: 15/15 MP: 7/9
  1637 | D:1      | Reached XP level 3. HP: 19/19 MP: 8/11
  1930 | D:2      | Reached skill level 5 in Spellcasting
  2028 | D:2      | Learned a level 3 spell: Dazzling Spray
  2315 | D:2      | Noticed Robin
  2322 | D:2      | Killed Robin
  2322 | D:2      | Reached XP level 4. HP: 19/24 MP: 3/13
  2974 | D:2      | Noticed Ijyb
  3036 | D:2      | Killed Ijyb
  3036 | D:2      | Reached XP level 5. HP: 18/28 MP: 3/16
  3043 | D:2      | Learned a level 5 spell: Iskenderun's Battlesphere
  3532 | D:2      | Reached skill level 1 in Charms
  4277 | D:2      | Reached skill level 2 in Charms
  5582 | D:3      | Reached skill level 3 in Charms
  5610 | D:3      | Found an iron altar of Okawaru.
  5610 | D:3      | Found a glowing silver altar of Zin.
  5610 | D:3      | Found a radiant altar of Vehumet.
  5648 | D:3      | Found a basalt altar of Yredelemnul.
  5649 | D:3      | Found a sacrificial altar of Ru.
  5649 | D:3      | Found a burning altar of Makhleb.
  5649 | D:3      | Found an opulent altar of Gozag.
  5650 | D:3      | Found a white marble altar of Elyvilon.
  5655 | D:3      | Became a worshipper of Vehumet
  5876 | D:3      | Reached skill level 4 in Charms
  5997 | D:3      | Found a bloodstained altar of Trog.
  6044 | D:3      | Reached XP level 6. HP: 32/32 MP: 13/18
  6132 | D:3      | Found a glowing silver altar of Zin.
  6139 | D:3      | Found a radiant altar of Vehumet.
  6140 | D:3      | Found an iron altar of Okawaru.
  6140 | D:3      | Found a basalt altar of Yredelemnul.
  6141 | D:3      | Found an opulent altar of Gozag.
  6141 | D:3      | Found a sacrificial altar of Ru.
  6141 | D:3      | Found a burning altar of Makhleb.
  6148 | D:3      | Found a white marble altar of Elyvilon.
  6355 | D:3      | Found a bloodstained altar of Trog.
  6496 | D:4      | Reached skill level 5 in Charms
  6582 | D:4      | Found a staircase to the Ecumenical Temple.
  6853 | D:3      | Reached skill level 6 in Charms
  7079 | D:4      | Reached skill level 7 in Charms
  7236 | D:4      | Reached XP level 7. HP: 36/36 MP: 13/19
  7245 | D:4      | Reached * piety under Vehumet
  7245 | D:4      | Offered knowledge of Flame Tongue by Vehumet.
  7245 | D:4      | Reached skill level 8 in Charms
  7572 | D:4      | Reached skill level 9 in Charms
  7867 | D:4      | Found a staircase to the Ecumenical Temple.
  8310 | D:5      | Entered Level 5 of the Dungeon
  8322 | D:5      | Noticed sheala's ghost (novice DEEE)
  8335 | D:5      | HP: 1/36 [bullfrog zombie (6)]
  8338 | D:5      | Killed from afar by sheala's ghost

Skill      XL: |  1  2  3  4  5  6  7 |
---------------+----------------------+-----
Spellcasting   | 4 5 7 |  7.1
Charms         | 4 7 9 |  9.0
Dodging        | |  2.4
Stealth        | |  2.4
Conjurations   | |  4.3

Action                   |  1- 3 |  4- 6 |  7- 9 || total
-------------------------+-------+-------+-------++-------
Melee: Dagger            |       |    70 |       ||    70
 Cast: Magic Dart        |    62 |   153 |    31 ||   246
       Dazzling Spray    |       |    21 |       ||    21
       Iskenderun's Batt |       |       |     1 ||     1
  Use: Scroll            |       |     6 |     4 ||    10
       Potion            |       |     1 |     1 ||     2
 Stab: Invisible         |       |     6 |       ||     6
  Eat: Chunk             |     3 |    12 |     2 ||    17
       Bread ration      |       |     1 |       ||     1
Armor: Robe              |       |    19 |     5 ||    24
Dodge: Dodged            |     6 |    79 |     6 ||    91
